 Dungeon Crawl Stone Soup version 0.20-a0-17-g69bea3c (webtiles) character file.

273 reaperXD the Insei (level 6, 0/43 HPs)
             Began as an Octopode Monk on Nov 5, 2016.
             Slain by a gnoll
             ... wielding a +0 spear
              (3 damage)
             ... on level 2 of the Dungeon.
             The game lasted 00:05:01 (3639 turns).

reaperXD the Insei (Octopode Monk)                  Turns: 3639, Time: 00:05:02

Health: 0/43       AC:  1    Str: 10    XL:     6   Next: 23%
Magic:  6/6        EV: 15    Int: 15    God:
Gold:   104        SH:  0    Dex: 14    Spells: 0 memorised, 5 levels left

rFire  . . .     SeeInvis .       - Unarmed
rCold  . . .     Gourm    .     (no shield)
rNeg   . . .     Faith    .     (helmet restricted)
rPois  .         Spirit   .     (no amulet)
rElec  .         Reflect  .     (no ring)
rCorr  .         Harm     .     (no ring)
MR     .....                    (no ring)
Stlth  +++.......               (no ring)
                                (no ring)
                                (no ring)
                                (no ring)
                                (no ring)

@: no status effects
A: almost no armour, stealthy swim, amphibious, 8 rings, constrict 8, camouflage
1, gelatinous body 1
a: no special abilities


You were on level 2 of the Dungeon.
You were not hungry.

You visited 1 branch of the dungeon, and saw 3 of its levels.

You collected 104 gold pieces.

Inventory:

Scrolls
 d - a scroll of teleportation
Potions
 f - a potion of lignification
 k - a potion of flight {unknown}
 m - a potion of resistance {unknown}
Comestibles
 a - 2 bread rations
 b - 2 chunks of flesh
 g - a meat ration


   Skills:
 + Level 4.0 Fighting
 + Level 4.1 Dodging
 - Level 2.6 Stealth
 * Level 5.4 Unarmed Combat


You had 5 spell levels left.
You didn't know any spells.

Dungeon Overview and Level Annotations

Branches:
Dungeon (3/15)

Altars:


Innate Abilities, Weirdness & Mutations

You cannot wear most types of armour.
You are very stealthy in the water. (Stealth+)
You are amphibious.
You can wear up to eight rings at the same time.
You can use your tentacles to constrict eight enemies at once.
Your skin changes colour to match your surroundings (Stealth+).
Your rubbery body absorbs attacks. (AC +1, EV +1)


Message History

The gnoll barely misses you.
You release your grip on the gnoll.
The bat closely misses you. The gnoll misses you. The bat misses you.
The bat hits you.
* * * LOW HITPOINT WARNING * * *
The bat hits you.
* * * LOW HITPOINT WARNING * * *
The bat hits you.
* * * LOW HITPOINT WARNING * * *
The bat misses you. The bat hits you but does no damage.
The bat hits you but does no damage. The bat hits you but does no damage.
The bat closely misses you.
You closely miss the bat. You grab the bat. You constrict the bat.
The bat hits you but does no damage. x2; The gnoll hits you!
* * * LOW HITPOINT WARNING * * *
The gnoll hits you from afar with a spear.
You die...

..........#
###.##....).##
..........#
#....#).###..#
##........# #....#..#
#.## #........###....#..#
#.# ####..#####.....#..#
#.# #..# ###.....#..# #.#
###.###.......#..# #.#
#.............#..# #†#
#.#.#.#.###..@#..# #.#
#.#.#.#.# #..bg..# #.#
####...#.#.###..#g..# #.#
......##.#.##.......# #.#
..)...##.#.##.......###.#
......##............#...#
.......###.#..........###
..........>#.........##
..(...####.........###


You could see 2 gnolls and a bat.

Vanquished Creatures
  Natasha (thrice) (D:2)
  Robin (D:2)
  9 gnolls
  2 adders
  An ooze (D:2)
  3 worms (D:2)
  3 leopard geckos
  A ball python (D:1)
  20 goblins
  6 hobgoblins
  4 kobolds
  10 bats
  5 frilled lizards
  8 rats
76 creatures vanquished.

Notes
Turn   | Place    | Note
-------+----------+-------------------------------------------
     0 | D:1      | reaperXD the Octopode Monk began the quest for the Orb.
     0 | D:1      | Reached XP level 1. HP: 16/16 MP: 1/1
    24 | D:1      | You fall through a shaft!
    33 | D:2      | Noticed Robin
   496 | D:1      | Reached XP level 2. HP: 21/21 MP: 2/2
  1408 | D:1      | Reached XP level 3. HP: 24/26 MP: 3/3
  1673 | D:2      | Noticed Natasha
  1785 | D:2      | Killed Natasha
  1785 | D:2      | Reached skill level 4 in Unarmed Combat
  1785 | D:2      | Reached XP level 4. HP: 18/31 MP: 4/4
  1989 | D:2      | Killed Robin
  2429 | D:1      | Reached XP level 5. HP: 20/36 MP: 5/5
  2598 | D:2      | Noticed Natasha
  2612 | D:2      | Killed Natasha
  2637 | D:1      | Reached skill level 5 in Unarmed Combat
  2985 | D:2      | Noticed Natasha
  2992 | D:2      | Killed Natasha
  3250 | D:2      | Reached XP level 6. HP: 42/43 MP: 6/6
  3639 | D:2      | Slain by a gnoll

Vault maps used:
D:1:      dpeg_arrival_subterranean_lakeside_camping,
          corexii_item_surrounded_by_moat
D:2:      uniq_robin, uniq_natasha
D:3:      minmay_roachtagon, tgw_trog

Skill      XL: |  1  2  3  4  5 |
---------------+----------------+-----
Unarmed Combat | 4 5 |  5.4
Dodging        | 4 |  4.1
Fighting       | 4 |  4.0
Stealth        | |  2.6

Action                   |  1- 3 |  4- 6 || total
-------------------------+-------+-------++-------
Melee: Unarmed           |    67 |   112 ||   179
       Constrict         |    16 |    31 ||    47
       Tentacles         |     5 |    25 ||    30
       Punch             |       |     2 ||     2
  Use: Potion            |       |     2 ||     2
       Scroll            |       |     7 ||     7
 Stab: Sleeping          |    10 |       ||    10
  Eat: Chunk             |     3 |     6 ||     9
Armor: Skin              |     9 |    15 ||    24
Dodge: Dodged            |    34 |   100 ||   134
